Map: [ESL] Inside and Out

Players

Nina - Winner!

  • Race: Protoss Protoss
  • Spawn Location: 1:00

PattyMac

  • Race: Protoss Protoss
  • Spawn Location: 7:00

Event: DreamHack SC2 Masters 2022 Atlanta (Online)

VOD

Have the link to the VOD?

Description

Time

  • Played on: Oct. 7, 2022, 6:18 p.m.
  • Length: 12:45

All games in this series

Show
View Real Time Build Order
Export as new Build Order

Nina Protoss - Winner!

Build Orders: Oracle Opening 

Get SALT Encoding   

  12  0:00  Probe  
  13  0:12  Probe  
  14  0:17  Pylon  
  14  0:24  Probe (Chrono Boost)  
  15  0:36  Probe (Chrono Boost)  
  15  0:37  Gateway  
  16  0:45  Probe (Chrono Boost)  
  16  0:48  Assimilator  
  17  0:51  Probe  
  17  0:55  Assimilator  
  18  1:03  Probe (Chrono Boost)  
  19  1:08  Gateway  
  19  1:13  Probe (Chrono Boost)  
  19  1:18  Probe  
  21  1:27  Cybernetics Core  
  21  1:30  Probe  
  22  1:38  Pylon  
  22  1:42  Probe  
  23  1:54  Pylon  
  23  1:56  Probe  
  24  2:03  Stargate, Stalker (Chrono Boost)  
  26  2:08  Probe  
  27  2:20  Warp Gate  
  27  2:26  Stalker  
  27  2:28  Probe  
  29  2:39  Pylon  
  29  2:56  Nexus  
  29  2:57  Oracle  
  32  3:01  Shield Battery  
  33  3:08  Stalker (Chrono Boost)  
  35  3:12  Probe  
  36  3:50  Void Ray  
  36  3:51  Shield Battery  
  36  3:52  Gateway  
  36  3:53  Gateway  
  36  4:09  Stalker  
  38  4:21  Pylon  
  38  4:23  Probe x2  
  40  4:34  Void Ray (Chrono Boost)  
  40  4:35  Probe x2  
  46  4:44  Stalker  
  48  4:47  Probe x2  
  50  4:59  Probe x2  
  49  5:01  Stalker  
  51  5:08  Stalker  
  49  5:15  Probe  
  49  5:17  Probe  
  49  5:20  Stalker  
  51  5:27  Probe, Stalker  
  54  5:30  Probe  
  55  5:37  Stalker  
  55  5:39  Probe  
  55  5:42  Probe  
  59  5:51  Probe  
  59  5:52  Pylon  
  59  5:53  Stalker  
  62  6:04  Twilight Council  
  62  6:08  Shield Battery  
  62  6:10  Probe x2  
  62  6:22  Probe x2, Pylon  
  64  6:31  Assimilator, Pylon  
  64  6:34  Probe x2  
  64  6:35  Blink (Chrono Boost)  
  64  6:38  Stalker  
  68  6:42  Stalker  
  68  6:46  Probe x2  
  72  6:52  Pylon  
  72  6:56  Pylon  
  72  6:58  Probe x2  
  72  7:01  Robotics Facility  
  74  7:05  Stalker  
  76  7:10  Probe  
  76  7:13  Stalker, Pylon  
  79  7:20  Stalker  
  81  7:31  Stalker  
  81  7:32  Probe  
  81  7:36  Assimilator  
  84  7:37  Nexus  
  84  7:38  Pylon  
  84  7:39  Probe  
  84  7:43  Forge  
  85  7:44  Sentry  
  85  7:49  Observer (Chrono Boost)  
  85  7:50  Probe  
  89  7:52  Probe  
  90  7:58  Shield Battery  
  90  8:00  Stalker  
  90  8:03  Probe, Stalker  
  90  8:04  Probe  
  96  8:14  Protoss Ground Weapons Level 1 (Chrono Boost)  
  96  8:15  Probe  
  96  8:16  Probe  
  96  8:17  Photon Cannon  
  98  8:20  Stalker  
  101  8:27  Probe  
  101  8:28  Stalker  
  101  8:29  Stalker  
  97  8:44  Probe  
  97  8:46  Stalker  
  86  8:52  Stalker x2  
  88  9:01  Immortal  
  90  9:03  Probe  
  90  9:08  Shield Battery, Probe  
  92  9:16  Stalker x2  
  96  9:17  Probe  
  96  9:18  Probe  
  96  9:21  Probe  
  99  9:26  Gateway  
  99  9:30  Stalker  
  101  9:33  Assimilator  
  101  9:40  Immortal  
  105  9:47  Nexus  
  105  9:49  Photon Cannon, Pylon  
  105  9:50  Sentry  
  105  9:51  Sentry  
  109  9:54  Pylon  
  109  9:55  Probe  
  110  10:02  Probe, Pylon  
  110  10:03  Probe  
  110  10:06  Gateway  
  112  10:10  Gateway  
  112  10:12  Gateway  
  112  10:15  Gateway  
  112  10:19  Stalker  
  113  10:22  Probe (Chrono Boost)  
  113  10:28  Charge  
  113  10:32  Probe (Chrono Boost), Stalker  
  115  10:36  Observer  
  115  10:38  Probe (Chrono Boost)  
  115  10:40  Probe (Chrono Boost)  
  115  10:41  Probe, Assimilator  
  119  10:46  Pylon  
  119  10:47  Dark Shrine  
  119  10:49  Stalker  
  120  10:57  Probe  
  120  10:59  Zealot  
  120  11:01  Probe  
  124  11:08  Gateway  
  124  11:10  Gateway  
  124  11:17  Stalker x4  
  132  11:23  Stalker  
  132  11:24  Stalker  
  136  11:28  Stalker  
  136  11:31  Photon Cannon  
  138  11:37  Stalker  
  140  11:42  Stalker x2  
  138  11:52  Stalker x3  
  144  11:58  Stalker x2  
  148  12:02  Probe  
  148  12:07  Probe  
  148  12:08  Probe  
  151  12:10  Probe  
  151  12:14  Probe  
  151  12:15  Stalker x3  
  159  12:22  Stalker x3  
  164  12:27  Stalker x2  
  167  12:33  Stalker  
Show
View Real Time Build Order
Export as new Build Order

PattyMac Protoss 

Build Orders: Blink Stalkers 

Get SALT Encoding   

  12  0:00  Probe  
  13  0:12  Probe  
  14  0:18  Pylon  
  14  0:24  Probe (Chrono Boost)  
  15  0:37  Probe (Chrono Boost), Gateway  
  16  0:44  Probe (Chrono Boost)  
  16  0:46  Assimilator  
  17  0:51  Probe (Chrono Boost)  
  17  0:55  Assimilator  
  18  1:03  Probe (Chrono Boost)  
  19  1:07  Pylon  
  19  1:12  Probe (Chrono Boost)  
  19  1:18  Probe  
  20  1:24  Cybernetics Core  
  21  1:28  Zealot  
  21  1:30  Probe  
  24  1:42  Probe  
  25  1:54  Probe  
  25  2:01  Stalker (Chrono Boost)  
  28  2:04  Warp Gate (Chrono Boost)  
  28  2:05  Pylon  
  28  2:07  Probe  
  29  2:11  Pylon  
  29  2:20  Twilight Council  
  29  2:23  Stalker (Chrono Boost)  
  31  2:34  Gateway  
  31  2:41  Shield Battery  
  31  2:49  Pylon  
  31  2:55  Blink (Chrono Boost)  
  31  3:04  Stalker  
  33  3:14  Gateway  
  31  3:48  Nexus  
  31  3:50  Stalker  
  31  3:55  Stalker  
  35  4:09  Stalker  
  35  4:16  Stalker  
  37  4:23  Stalker  
  39  4:33  Stalker  
  41  4:40  Stalker  
  43  4:48  Stalker  
  45  5:01  Stalker  
  41  5:17  Probe  
  41  5:19  Probe  
  41  5:20  Stalker  
  43  5:27  Sentry  
  45  5:30  Probe (Chrono Boost)  
  45  5:31  Probe (Chrono Boost)  
  47  5:37  Stalker  
  47  5:42  Probe (Chrono Boost)  
  50  5:46  Probe (Chrono Boost)  
  50  5:49  Probe (Chrono Boost)  
  52  5:52  Probe (Chrono Boost)  
  52  5:53  Phoenix  
  53  5:57  Adept x2  
  53  5:59  Probe  
  53  6:03  Probe  
  59  6:11  Probe  
  60  6:15  Probe  
  57  6:20  Stalker x2  
  57  6:23  Probe  
  57  6:24  Robotics Facility  
  62  6:29  Pylon  
  62  6:31  Assimilator  
  62  6:41  Pylon  
  62  6:47  Probe x2  
  62  6:51  Gateway x2  
  64  6:56  Stalker  
  64  6:57  Stalker  
  64  6:59  Probe x2  
  70  7:02  Stalker  
  72  7:10  Pylon  
  72  7:11  Observer (Chrono Boost)  
  73  7:16  Probe  
  73  7:17  Pylon  
  74  7:29  Warp Prism (Chrono Boost)  
  73  7:31  Stalker x2  
  79  7:44  Stalker  
  79  7:48  Pylon  
  79  7:50  Stalker x2  
  85  7:56  Stalker  
  85  7:57  Stalker  
  89  8:08  Nexus  
  88  8:15  Probe  
  88  8:17  Pylon  
  88  8:18  Stalker  
  91  8:28  Stalker  
  89  8:38  Stalker x2  
  85  8:44  Stalker  
  71  8:56  Stalker  
  71  8:59  Probe x2  
  71  9:09  Stalker  
  66  9:11  Probe  
  66  9:13  Probe, Stalker x2  
  68  9:23  Dark Shrine, Probe  
  69  9:25  Probe  
  69  9:29  Probe  
  71  9:34  Adept x2  
  71  9:35  Probe  
  76  9:38  Shield Battery  
  76  9:45  Probe  
  79  9:53  Observer (Chrono Boost)  
  79  9:54  Probe  
  79  9:55  Stalker x3  
  79  9:57  Probe  
  84  10:00  Stalker  
  86  10:07  Probe  
  86  10:09  Observer  
  88  10:15  Probe  
  88  10:16  Pylon  
  89  10:23  Pylon  
  89  10:27  Stalker x4  
  95  10:31  Probe  
  95  10:32  Charge  
  94  10:44  Nexus  
  94  10:46  Probe  
  94  10:49  Probe  
  96  10:50  Probe  
  96  10:54  Forge  
  97  11:05  Stalker  
  97  11:06  Stalker  
  97  11:09  Probe  
  101  11:16  Probe  
  101  11:17  Probe  
  102  11:19  Pylon  
  102  11:20  Gateway  
  102  11:22  Gateway  
  102  11:23  Gateway  
  102  11:24  Dark Templar  
  104  11:29  Observer  
  104  11:31  Dark Templar  
  105  11:33  Pylon  
  105  11:38  Probe  
  106  11:46  Stalker x2  
  110  11:55  Probe  
  110  11:58  Gateway  
  110  12:00  Gateway  
  107  12:01  Shield Battery, Sentry  
  107  12:02  Pylon  
  107  12:07  Probe  
  106  12:10  Assimilator  
  106  12:11  Assimilator  
  106  12:13  Robotics Bay  
  102  12:17  Stalker  
  102  12:20  Stalker x2  
  108  12:23  Probe  
  103  12:33  Stalker  
  103  12:35  Pylon  
Tags
 
Add a new tag
Caveats
  • Supply blocks, unpowered buildings, or Contaminate may cause inaccurate times.
  • Supply counts are checked every 10 seconds.